 Dungeon Crawl Stone Soup version 0.27-a0-498-g7ecbb0a48f (webtiles) character file.

Game seed: 14384617732894478472

844 Dani the Fighter (level 8, -36/91 HPs)
             Began as an Ogre Necromancer on Mar 2, 2021.
             Was a Follower of Okawaru.
             Killed by an exploding sky beast (43 damage)
             ... ignited by their inner flame
             ... on level 7 of the Dungeon.
             The game lasted 00:21:51 (5532 turns).

Dani the Fighter (Ogre Necromancer)                 Turns: 5532, Time: 00:21:52

Health: -36/91     AC:  3    Str: 15    XL:     8   Next: 0%
Magic:  13/15      EV: 12    Int: 16    God:    Okawaru [*.....]
Gold:   195        SH:  0    Dex:  9    Spells: 12/17 levels left

rFire    . . .     SeeInvis .   y - +0 whip (freeze)
rCold    . . .     Faith    .   (no shield)
rNeg     . . .     Spirit   .   a - +0 robe
rPois    .         Reflect  .   t - +0 hat
rElec    .         Harm     .   (no cloak)
rCorr    .         Rampage  .   (gloves unavailable)
Will     .....                  (boots unavailable)
Stlth    +++.......             (no amulet)
HPRegen  0.25/turn              (no ring)
MPRegen  0.14/turn              (no ring)

@: about to teleport, heroic
A: large, unfitting armour, tough skin 1
a: Renounce Religion, Heroism


You were on level 7 of the Dungeon.
You worshipped Okawaru.
Okawaru was aware of your devotion.
You visited 1 branch of the dungeon, and saw 6 of its levels.

You collected 195 gold pieces.

Inventory:

Hand Weapons
 b - a +0 club
 c - a +1 giant club
 h - a +0 dagger
 j - a +0 mace
 v - a +0 quarterstaff
 y - a +0 whip of freezing (weapon)
Missiles
 k - 2 atropa-tipped darts
Armour
 a - a +0 robe (worn)
 t - a +0 hat (worn)
Magical Staves
 A - a staff of fire
Jewellery
 n - a ring of protection from cold
Wands
 s - a wand of paralysis (7)
Scrolls
 e - 3 scrolls of teleportation
 g - 5 scrolls of identify {unknown}
 m - a scroll of enchant weapon
 p - a scroll of magic mapping {unknown}
 r - a scroll of fog {unknown}
 z - a scroll of fear {unknown}
Potions
 d - a potion of attraction
 i - a potion of heal wounds {unknown}
 l - a potion of cancellation {unknown}
 o - 3 potions of flight {unknown}
 q - a potion of haste {unknown}
 w - a potion of berserk rage {unknown}
 x - 2 potions of lignification {unknown}


   Skills:
 + Level 8.9(13.9) Fighting
 - Level 3.7(8.7) Short Blades
 * Level 6.9(11.9) Maces & Flails
 - Level 3.0(8.0) Armour
 - Level 1.7(6.7) Dodging
 - Level 1.4(6.4) Stealth
 - Level 5.0 Spellcasting
 - Level 5.1 Necromancy
 + Level 0.0 Invocations


You had 12 spell levels left.
You knew the following spells:

 Your Spells              Type           Power        Failure   Level
a - Pain                  Necr           80%          1%          1
b - Vampiric Draining     Necr           10%          5%          3
c - Animate Skeleton      Necr           40%          1%          1

Your spell library contained the following spells:

 Spells                   Type           Power        Failure   Level
 Animate Dead             Necr           10%          19%         4
 Agony                    Necr           20%          45%         5


Dungeon Overview and Level Annotations

Branches:
Dungeon (5/15)
 Temple: D:4-7

Altars:
Cheibriados
Elyvilon
Okawaru

Annotations:
D:3 1 runed translucent door, Crazy Yiuf
D:4 exclusions: lemure and 1 more exclusion
D:7 Prince Ribbit


Innate Abilities, Weirdness & Mutations

You are too large for most types of armour.
You have tough skin. (AC +1)


Message History

The sky beast flickers out of sight!
Deactivating autopickup; reactivate with Ctrl-A.
You gain the combat prowess of a mighty hero.
The orc priest calls down the wrath of Beogh upon you.
Beogh smites you! The orc misses you.
The orc wizard casts a spell at itself.
The orc wizard flickers and vanishes!
As you read the scroll labelled MEAPAL IPOV, it crumbles to dust.
The creatures around you are filled with an inner flame!
It was a scroll of immolation.
The hound bites you. The orc barely misses you. The scorpion barely misses you.
The orc priest hits you with a +0 short sword.
The orc hits you with a +0 short sword.
As you read the scroll labelled PYMIOG MESUSK, it crumbles to dust.
You feel strangely unstable.
It was a scroll of teleportation.
The hound bites you but does no damage. The orc hits you with a +0 flail.
The orc hits you with a +0 short sword. The scorpion misses you.
The orc priest hits you with a +0 short sword.
The orc hits you but does no damage. The hound closely misses you.
Prince Ribbit hits you! The scorpion stings you.
You are poisoned.
The scorpion poisons you!
You hit something.
Flame seeps out of something.
You freeze something.
Flame seeps out of something.
You feel sick. Prince Ribbit hits you! The hound bites you but does no damage.
The orc hits you with a +0 flail!
* * * LOW HITPOINT WARNING * * *
You feel sick. Prince Ribbit hits you!
* * * LOW HITPOINT WARNING * * *
The orc misses you.
Flame seeps out of something.
Something hits you but does no damage. Prince Ribbit hits you!
* * * LOW HITPOINT WARNING * * *
You feel better. The hound closely misses you. The orc closely misses you.
The scorpion stings you.
* * * LOW HITPOINT WARNING * * *
Okawaru accepts your kill.
Reactivating autopickup.
You feel a bit more experienced.
The sky beast explodes!
The fiery explosion engulfs you!!!
You die...

... .....##### .
...##........#..
#..............
#(..........#
##.........##
##...........##
#......o......#
.....§shFo.....#
......°@oo.....#
.....§§§.......#
..............##
..........>...#
.............##
#..........###
##........##
###....###


You could see Prince Ribbit (inner flame), a scorpion (inner flame), a hound
(inner flame), an orc priest (inner flame) and 3 orcs.

Vanquished Creatures
  Pikel (D:4)
  2 sky beasts
  An ogre (D:4)
  A hound (D:4)
  An iguana (D:4)
  A worker ant zombie (D:5)
  A howler monkey skeleton (D:5)
  5 adders
  A white imp (D:5)
  A worm (D:5)
  3 dart slugs
  5 leopard geckos
  4 orcs (D:3)
  5 bats
  A giant cockroach (D:3)
  A goblin (D:3)
  5 hobgoblins
  4 jackals (D:4)
  A quokka (D:2)
  3 ball pythons
  3 kobolds
  4 rats
54 creatures vanquished.

Vanquished Creatures (others)
  9 plants (D:5)
  4 withered plants (D:5)
13 creatures vanquished.

Grand Total: 67 creatures vanquished

Notes
Turn   | Place    | Note
-------+----------+-------------------------------------------
     0 | D:1      | Dani the Ogre Necromancer began the quest for the Orb.
     0 | D:1      | Reached XP level 1. HP: 16/16 MP: 3/3
   964 | D:1      | Reached skill level 1 in Fighting
   992 | D:1      | Reached XP level 2. HP: 24/27 MP: 0/5
  1256 | D:2      | Reached skill level 1 in Maces & Flails
  1454 | D:2      | Found an iron altar of Okawaru.
  1464 | D:2      | Became a worshipper of Warmaster Okawaru
  2113 | D:2      | Reached XP level 3. HP: 21/33 MP: 1/6
  2164 | D:2      | Learned a level 3 spell: Vampiric Draining
  2166 | D:2      | Learned a level 1 spell: Animate Skeleton
  2563 | D:3      | Reached skill level 1 in Short Blades
  2689 | D:3      | Reached skill level 2 in Fighting
  2955 | D:3      | Reached XP level 4. HP: 38/42 MP: 2/7
  3071 | D:3      | Found a white marble altar of Elyvilon.
  3257 | D:3      | Found a runed translucent door.
  3258 | D:3      | Noticed Crazy Yiuf
  3475 | D:4      | Reached skill level 7 in Fighting
  3475 | D:4      | Reached skill level 5 in Maces & Flails
  3475 | D:4      | Reached skill level 5 in Spellcasting
  3475 | D:4      | Reached skill level 5 in Necromancy
  3475 | D:4      | Reached XP level 5. HP: 14/63 MP: 0/12
  3877 | D:4      | Noticed an ogre
  3882 | D:4      | Killed an ogre
  3883 | D:4      | Reached skill level 8 in Fighting
  3883 | D:4      | Reached XP level 6. HP: 72/72 MP: 13/13
  4604 | D:4      | Noticed Pikel
  4640 | D:4      | Killed Pikel
  4640 | D:4      | Reached * piety under Okawaru
  4641 | D:4      | Reached XP level 7. HP: 42/81 MP: 0/14
  4812 | D:5      | Entered Level 5 of the Dungeon
  5067 | D:5      | Found a snail-covered altar of Cheibriados.
  5404 | D:5      | Reached XP level 8. HP: 84/91 MP: 0/15
  5524 | D:5      | You fall into a shaft and drop 2 floors!
  5524 | D:7      | Noticed Prince Ribbit
  5531 | D:7      | HP: 1/91 [Prince Ribbit (9)]
  5532 | D:7      | Killed by an exploding sky beast... ignited by their inner
                  | flame

Illustrated notes

Levels and vault maps discovered:
D:1:      nicolae_arrival_washed_ashore, layout_basic
D:2:      layout_loops_ring, okawaru_trees_2
D:3:      layout_loops_ring, elyvilon_altar_3, uniq_crazy_yiuf_cottage,
          uniq_grinder
D:4:      layout_basic, hangedman_abyss_or_decor_stagger,
          kennysheep_nondescript, uniq_pikel
D:5:      layout_basic, grunt_temple_overflow_growth_and_decay,
          kennysheep_little_box, cheibrodos_worm_habitat, serial_bayou_pond_d
D:7:      layout_cave_pods, nicolae_ru_sacrificial_ziggurat, uniq_prince_ribbit1

Skill      XL: |  1  2  3  4  5  6 |
---------------+-------------------+-----
Fighting       | 1 2 7 8 |  8.9
Maces & Flails | 1 2 5 6 |  6.9
Short Blades   | 1 3 |  3.7
Armour         | 3 |  3.0
Spellcasting   | 5 |  5.0
Necromancy     | 5 |  5.1
Dodging        | |  1.7
Stealth        | |  1.4

Action                   |  1- 3 |  4- 6 |  7- 9 || total
-------------------------+-------+-------+-------++-------
Melee: Club              |     4 |       |       ||     4
       Dagger            |    58 |    98 |       ||   156
       Whip              |       |       |    33 ||    33
 Cast: Pain              |    62 |    21 |     9 ||    92
       Vampiric Draining |     2 |     8 |     6 ||    16
       Animate Skeleton  |     1 |       |       ||     1
Invok: Heroism           |       |       |     1 ||     1
Evoke: Wand              |       |     1 |       ||     1
  Use: Potion            |       |     4 |     1 ||     5
       Scroll            |       |       |     3 ||     3
 Stab: Sleeping          |     2 |       |       ||     2
       Paralysed         |       |     3 |       ||     3
Armor: Robe              |    11 |    23 |     9 ||    43
Dodge: Dodged            |    35 |    51 |    22 ||   108

Table legend: (Time is in decaauts)
 A = Elapsed time spent in this place.
 B = Non-inter-level travel time spent in this place.
 C = Inter-level travel time spent in this place.
 D = Time resting spent in this place.
 E = Time spent auto-exploring this place.
 F = Levels seen in this place.
 G = Mean time per level.
                   A        B        C        D        E       F      G
               +--------+--------+--------+--------+--------+-----+--------+
         Total |   5516 |   5311 |    205 |    706 |   3373 |   6 |  919.3 |
       Dungeon |   5516 |   5311 |    205 |    706 |   3373 |   6 |  919.3 |
               +--------+--------+--------+--------+--------+-----+--------+

Top non-repeatable levels by time:
     D:1: 1534 daAuts
     D:4: 1398 daAuts
     D:2: 1010 daAuts
     D:3: 853 daAuts
     D:5: 712 daAuts
     D:7: 7 daAuts
